 Dungeon Crawl Stone Soup version 0.23-a0-208-gb6b040f (webtiles) character file.

473 Felrender the Chopper (level 7, -4/61 HPs)
             Began as a Hill Orc Fighter on Sept 25, 2018.
             Was a Follower of Okawaru.
             Slain by a crocodile (13 damage)
             ... in a sewer.
             The game lasted 00:05:52 (2922 turns).

Felrender the Chopper (Hill Orc Fighter)            Turns: 2922, Time: 00:05:53

Health: -4/61      AC:  9    Str: 21    XL:     7   Next: 10%
Magic:  7/7        EV:  8    Int:  8    God:    Okawaru [*.....]
Gold:   154        SH:  9    Dex: 10    Spells: 6/6 levels left

rFire    . . .     SeeInvis .   a - +0 war axe
rCold    . . .     Gourm    .   c - +0 shield
rNeg     . . .     Faith    .   b - +0 scale mail
rPois    .         Spirit   .   i - +2 hat
rElec    .         Reflect  .   (no cloak)
rCorr    .         Harm     .   (no gloves)
MR       .....                  (no boots)
Stlth    ..........             (no amulet)
HPRegen  0.20/turn              (no ring)
MPRegen  0.10/turn              (no ring)

@: no status effects
A: no striking features
a: Heroism, Renounce Religion


You were in a sewer.
You worshipped Okawaru.
Okawaru was aware of your devotion.
You were not hungry.

You visited 1 branch of the dungeon, and saw 3 of its levels.
You also visited: Sewer.

You collected 154 gold pieces.

Inventory:

Hand Weapons
 a - a +0 war axe (weapon)
Armour
 b - a +0 scale mail (worn)
 c - a +0 shield (worn)
 i - a +2 hat (worn)
Scrolls
 d - a scroll of remove curse
 k - a scroll of magic mapping
 l - 2 scrolls of blinking
Potions
 e - a potion of brilliance
 h - a potion of curing
 j - a potion of mutation {unknown}
Comestibles
 f - 7 rations
 g - 4 chunks of flesh


   Skills:
 + Level 5.1 Fighting
 + Level 5.8 Axes
 * Level 5.2 Armour
 + Level 0.7 Dodging
 * Level 4.9 Shields


You had 6 spell levels left.
You didn't know any spells.
Your spell library was empty.

Dungeon Overview and Level Annotations

Branches:
Dungeon (3/15)

Altars:
Okawaru
Wu Jian
The Shining One


Message History

The crocodile bites you but does no damage.
You completely miss the crocodile.
The crocodile is almost dead.
The crocodile bites you.
You completely miss the crocodile.
The crocodile is almost dead.
You block the crocodile's attack.
You barely miss the crocodile.
The crocodile is almost dead.
The crocodile bites you!
You barely miss the crocodile.
The crocodile is almost dead.
The crocodile bites you!
* * * LOW HITPOINT WARNING * * *
The crocodile bites you!
* * * LOW HITPOINT WARNING * * *
You barely miss the crocodile.
The crocodile is almost dead.
The crocodile bites you!
You die...

#...
#≈..#
#..#
##.≈# #..
#..# #
#..# #.
##..# #..
#...# #.≈
##..##
#...#≈..#
#.≈.≈@##
#≈..≈t#
##.≈≈##
#..≈
?.#.#
#$%#. ##
##


You could see a crocodile.

Vanquished Creatures
  A phantom (D:3)
  A centaur (D:2)
  A howler monkey (D:2)
  2 orc wizards (D:3)
  Natasha (thrice) (D:2)
  5 adders
  2 oozes
  2 worms
  2 dart slugs (D:2)
  4 leopard geckos
  2 orcs (D:3)
  4 giant cockroaches
  6 goblins
  8 hobgoblins
  8 jackals
  2 quokkas (D:3)
  3 ball pythons
  3 bats
  4 frilled lizards
  5 kobolds
  10 rats
78 creatures vanquished.

Notes
Turn   | Place    | Note
-------+----------+-------------------------------------------
     0 | D:1      | Felrender the Hill Orc Fighter began the quest for the Orb.
     0 | D:1      | Reached XP level 1. HP: 19/19 MP: 1/1
    53 | D:1      | Reached XP level 2. HP: 23/27 MP: 2/2
   790 | D:2      | Reached XP level 3. HP: 29/33 MP: 3/3
   835 | D:2      | Found an iron altar of Okawaru.
   853 | D:2      | Became a worshipper of Warmaster Okawaru
   905 | D:2      | Found a glowing golden altar of the Shining One.
  1038 | D:2      | Noticed a centaur
  1052 | D:2      | Killed a centaur
  1052 | D:2      | Reached XP level 4. HP: 13/41 MP: 4/4
  1052 | D:2      | Reached XP level 5. HP: 15/47 MP: 5/5
  1508 | D:2      | Noticed Natasha
  1526 | D:2      | Killed Natasha
  1763 | D:2      | Noticed Natasha
  1771 | D:2      | Killed Natasha
  1857 | D:2      | Noticed Natasha
  1875 | D:2      | Killed Natasha
  2063 | D:2      | Reached skill level 5 in Axes
  2063 | D:2      | Reached XP level 6. HP: 35/53 MP: 6/6
  2151 | D:2      | Reached * piety under Okawaru
  2424 | D:3      | Found an ornate altar of the Wu Jian Council.
  2488 | D:3      | Reached skill level 5 in Armour
  2514 | D:3      | Noticed a phantom
  2544 | D:3      | Killed a phantom
  2544 | D:3      | Reached skill level 5 in Fighting
  2544 | D:3      | Reached XP level 7. HP: 23/61 MP: 7/7
  2842 | D:3      | Found a glowing drain.
  2846 | Sewer    | Entered a sewer
  2922 | Sewer    | Slain by a crocodile

Vault maps used:
D:1:      lightli_molten_gateway, minmay_small_reverse_x
D:2:      okawaru_metal_pillars_1_2, lemuel_crystal_altar, uniq_natasha
D:3:      overflow_temple_1_default, gup_sewer_entry_spiral, first_ration,
          serial_curves, eino_curves_02, eino_curves_03
Sewer:    sewer_the_crocodile

Skill      XL: |  1  2  3  4  5  6 |
---------------+-------------------+-----
Axes           | 3 4 5 |  5.8
Fighting       | 4 5 |  5.1
Armour         | 4 5 |  5.2
Shields        | 4 |  4.9
Dodging        | |  0.7

Action                   |  1- 3 |  4- 6 |  7- 9 || total
-------------------------+-------+-------+-------++-------
Melee: War axe           |    74 |   173 |    55 ||   302
  Use: Scroll            |     4 |     5 |       ||     9
       Potion            |     1 |     6 |     1 ||     8
  Eat: Chunk             |       |     2 |     2 ||     4
       Ration            |       |     1 |       ||     1
Armor: Scale mail        |    30 |    93 |    13 ||   136
Dodge: Dodged            |    23 |    42 |    13 ||    78
Block: Shield            |    41 |    92 |    22 ||   155

Table legend:
 A = Non-vault XP
 B = Vault XP
 C = Vault XP percentage of total XP
 D = Non-vault monster count
 E = Vault monster count
 F = Vault count percentage of total count
                 A         B        C        D         E       F
            +---------+---------+-------+---------+---------+-------
      Total |     609 |      67 |   9.9 |      61 |      17 |  21.8
            +---------+---------+-------+---------+---------+-------
        D:1 |      24 |       5 |  17.2 |      11 |       4 |  26.7
        D:2 |     315 |      35 |  10.0 |      26 |       1 |   3.7
        D:3 |     270 |      18 |   6.2 |      24 |       7 |  22.6
      Sewer |       0 |       9 | 100.0 |       0 |       5 | 100.0
            +---------+---------+-------+---------+---------+-------
